cohdb
Replays
Latest Replays
All Replays
Popular Replays
Top Player Replays
Match Explorer
How It Works
Community
CoH3 Stats
Reddit
Sign in to upload your games and track your stats! →
Sign in with Steam
Match 39735173
Unlisted
Match 39735173
Overview
Messages
Build Orders
End
Engineer Squad
Construct Barracks
Riflemen Squad
Riflemen Squad
Riflemen Squad
Construct Medical Station
Grenade Package
Infantry Support Center
M1918 Browning Automatic Rifles
Construct Weapon Support Center
Bazooka Squad
Riflemen Squad
Advanced Logistics
M3 Armored Personnel Carrier
Selects Heavy Weapons
Selects Assault Carriers
Selects Exchangeable Parts
Riflemen Squad
DanielD
KT Perry
Walrus
Demi
0
0
Comments
sign in to comment!
No comments posted yet!